 Dungeon Crawl Stone Soup version 0.29-a0-553-g81b289d (webtiles) character file.

Game seed: 13932433075547468880

820 Illumine the Ruffian (level 7, -1/67 HPs)
             Began as a Troll Cinder Acolyte on June 6, 2022.
             Was a High Priest of Ignis.
             Slain by a gnoll sergeant
             ... wielding a +4 spear
              (8 damage)
             ... on level 6 of the Dungeon.
             The game lasted 00:06:57 (4114 turns).

Illumine the Ruffian (Troll Cinder Acolyte)         Turns: 4114, Time: 00:06:59

Health: -1/67      AC:  4    Str: 25    XL:     7   Next: 63%
Magic:  6/7        EV:  9    Int: 10    God:    Ignis [*****.]
Gold:   288        SH:  0    Dex:  5    Spells: 6/8 levels left

rFire   + . .      SeeInvis .     - Unarmed
rCold   . . .      Faith    .   (no shield)
rNeg    . . .      Spirit   .   b - +0 robe
rPois   .          Reflect  .   (helmet restricted)
rElec   .          Harm     .   (no cloak)
rCorr   .          Rampage  .   (gloves unavailable)
Will    .....                   (boots unavailable)
Stlth   +.........              (no amulet)
HPRegen 1.01/turn               (no ring)
MPRegen 0.10/turn               (no ring)

@: no status effects
A: large, unfitting armour, claws 3, regeneration 1, shaggy fur 1, tough skin 1
a: Renounce Religion, Fiery Armour, Foxfire Swarm, Rising Flame


You were on level 6 of the Dungeon.
You worshipped Ignis.
Ignis was extremely pleased with you.
You visited 1 branch of the dungeon, and saw 6 of its levels.

You collected 288 gold pieces.

Inventory:

Hand Weapons
 a - a -1 falchion of flaming
 t - the +9 dagger "Ahuwkied" {elec, rPois}
   (You found it on level 4 of the Dungeon)

   It occasionally discharges a powerful burst of electricity upon striking a
   foe.
   rPois:     It protects you from poison.
Missiles
 d - 135 stones (quivered)
Armour
 b - a +0 robe (worn)
Wands
 k - a wand of flame (17)
 l - a wand of acid (15)
 x - a wand of polymorph (5)
Scrolls
 c - a scroll of fog {unknown}
 f - a scroll of brand weapon {unknown}
 g - 3 scrolls of blinking
 j - 2 scrolls of enchant armour {unknown}
 m - 2 scrolls of torment {unknown}
 n - a scroll of enchant weapon {unknown}
 o - 2 scrolls of magic mapping {unknown}
 s - 2 scrolls of teleportation {unknown}
 v - a scroll of noise {unknown}
 w - a scroll of immolation {unknown}
 y - a scroll of summoning {unknown}
Potions
 e - 5 potions of curing
 h - 3 potions of flight {unknown}
 i - 2 potions of haste
 p - 2 potions of lignification
 q - a potion of magic {unknown}
 r - 2 potions of heal wounds {unknown}
 u - a potion of might {unknown}
 z - a potion of brilliance {unknown}


   Skills:
 + Level 3.3 Fighting
 - Level 2.4 Long Blades
 + Level 2.0 Dodging
 * Level 7.5 Unarmed Combat
 - Level 1.0 Spellcasting
 - Level 2.1 Fire Magic


You had 6 spell levels left.
You knew the following spells:

 Your Spells              Type           Power      Damage    Failure   Level
a - Scorch                Fire           8%         2d5       22%         2

Your spell library contained the following spells:

 Spells                   Type           Power      Damage    Failure   Level
 Blink                    Tloc           0%         N/A       45%         2
 Ozocubu's Armour         Ice            0%         N/A       71%         3
 Manifold Assault         Tloc           0%         N/A       100%        5
 Metabolic Englaciation   Hex/Ice        0%         N/A       100%        5
 Simulacrum               Ice/Necr       0%         N/A       100%        6
 Storm Form               Tmut/Air       0%         N/A       100%        7


Dungeon Overview and Level Annotations

Branches:
Dungeon (6/15)
 Temple: D:4-7

Altars:

Annotations:
D:2 1 runed translucent door, Crazy Yiuf
D:5 Eustachio


Innate Abilities, Weirdness & Mutations

You are too large for most types of armour.
You have claws for hands.
Your natural rate of healing is unusually fast.
You are covered in fur. (AC +1)
You have tough skin. (AC +1)


Message History

Casting: Scorch (safe; 22% risk of failure)
Confirm with . or Enter, or press ? or * to list all spells.
Flames lash the gnoll sergeant.
The gnoll sergeant is moderately wounded.
The gnoll sergeant's fire resistance burns away.
The gnoll sergeant hits you from afar with a +4 spear!
The gnoll sergeant hits you with a +4 spear!
You scratch the gnoll sergeant.
The gnoll sergeant is moderately wounded.
The gnoll sergeant hits you with a +4 spear!
The gnoll sergeant blocks your attack.
The gnoll sergeant is moderately wounded.
The gnoll sergeant hits you with a +4 spear.
You scratch the gnoll sergeant but do no damage.
The gnoll sergeant is moderately wounded.
You scratch the gnoll sergeant. Your claw misses the gnoll sergeant.
The gnoll sergeant is heavily wounded.
The gnoll sergeant is no longer more vulnerable to fire.
The gnoll sergeant hits you with a +4 spear!
You barely miss the gnoll sergeant.
The gnoll sergeant is heavily wounded.
The gnoll sergeant hits you with a +4 spear.
The gnoll sergeant blocks your attack.
The gnoll sergeant is moderately wounded.
The gnoll sergeant hits you with a +4 spear!
You claw the gnoll sergeant!
The gnoll sergeant is almost dead.
The gnoll sergeant hits you with a +4 spear!
* * * LOW HITPOINT WARNING * * *
You barely miss the gnoll sergeant.
The gnoll sergeant is almost dead.
The gnoll sergeant hits you with a +4 spear!
* * * LOW HITPOINT WARNING * * *
The gnoll sergeant blocks your attack.
The gnoll sergeant is almost dead.
You scratch the gnoll sergeant.
You claw the gnoll sergeant, but do no damage.
The gnoll sergeant is almost dead.
The gnoll sergeant hits you with a +4 spear!
You die...

#......## #..##...#)##.#
.....<..#####..##...'.##.#
.........#..#.[##...####.#
......#..#.....##.....##.#
......#.#).....##....⌠##)#
.......[#.......##''###..#
....##...................#
.... ....................#
........###.....@g.......#
......### #...####)#######
.... ##### #..# ..
##.###)## # ###...)..#
....##....g####
#.............#
....?...#).##.#
......!........#


You could see a gnoll sergeant.

Vanquished Creatures
  A sky beast (D:6)
  A phantom (D:4)
  A scorpion (D:3)
  2 gnoll sergeants (D:6)
  An orc priest (D:6)
  4 hounds
  An iguana (D:3)
  Terence (D:2)
  2 orc wizards
  4 gnolls
  8 adders
  2 worms (D:4)
  8 orcs
  3 ball pythons
  7 endoplasms
  3 giant cockroaches
  10 goblins
  8 hobgoblins
  7 jackals
  10 kobolds
  2 quokkas (D:1)
  10 bats
  4 frilled lizards
  7 rats
107 creatures vanquished.

Notes
Turn   | Place    | Note
-------+----------+-------------------------------------------
     0 | D:1      | Illumine the Troll Cinder Acolyte began the quest for the
                  | Orb.
     0 | D:1      | Reached XP level 1. HP: 22/22 MP: 1/1
   115 | D:1      | Reached skill level 1 in Unarmed Combat
   198 | D:1      | Reached XP level 2. HP: 29/29 MP: 2/2
   312 | D:1      | Reached skill level 2 in Unarmed Combat
   461 | D:1      | Reached XP level 3. HP: 36/36 MP: 3/3
   642 | D:1      | Reached skill level 3 in Unarmed Combat
  1032 | D:2      | Noticed Terence
  1040 | D:2      | Killed Terence
  1041 | D:2      | Reached XP level 4. HP: 44/44 MP: 4/4
  1146 | D:2      | Reached skill level 4 in Unarmed Combat
  1398 | D:2      | Found a runed translucent door.
  1399 | D:2      | Noticed Crazy Yiuf
  1812 | D:3      | Reached XP level 5. HP: 46/50 MP: 5/5
  1815 | D:3      | Learned a level 2 spell: Scorch
  2018 | D:3      | Found a faded altar of an unknown god.
  2150 | D:3      | Reached skill level 5 in Unarmed Combat
  2520 | D:4      | Noticed a phantom
  2599 | D:4      | Killed a phantom
  2600 | D:4      | Reached skill level 6 in Unarmed Combat
  2600 | D:4      | Reached XP level 6. HP: 47/59 MP: 6/6
  2745 | D:4      | Identified the +9 dagger "Ahuwkied" {elec, rPois}
  3364 | D:5      | Entered Level 5 of the Dungeon
  3771 | D:5      | Noticed Eustachio
  3877 | D:6      | Reached skill level 1 in Dodging
  3901 | D:6      | Reached XP level 7. HP: 65/66 MP: 7/7
  3928 | D:6      | Reached skill level 7 in Unarmed Combat
  4114 | D:6      | Slain by a gnoll sergeant

Illustrated notes

Levels and vault maps discovered:
D:1:      dpeg_arrival_rooms_with_view, layout_basic, minmay_misc_feat_rows,
          minmay_tiny_reverse_x
D:2:      layout_loops_cross, nicolae_figureground_pulse, uniq_terence,
          uniq_crazy_yiuf_cottage
D:3:      layout_loops_ring, chequers_ecumenical_altar_simple_redux,
          minmay_misc_feat_rugged
D:4:      layout_basic
D:5:      layout_cave_pods, uniq_eustachio, uniq_prince_ribbit1
D:6:      layout_cave_pools, minmay_temple_entry_offerings, serial_gnoll_camp,
          gnoll_camp_mini_doghouse, gnoll_camp_mini_house,
          gnoll_camp_huts_basic, gnoll_camp_mini_basic, gnoll_camp_mini_hut,
          gnoll_camp_mini_doghouse, st_stairs_11, grunt_tough_drop

Skill      XL: |  1  2  3  4  5  6  7 |
---------------+----------------------+-----
Unarmed Combat | 1 2 3 4 6 7 |  7.5
Dodging        | 1 2 |  2.0
Fighting       | 3 |  3.3
Long Blades    | |  2.4
Spellcasting   | |  1.0
Fire Magic     | |  2.1

Action                   |  1- 3 |  4- 6 |  7- 9 || total
-------------------------+-------+-------+-------++-------
Melee: Falchion          |    68 |       |       ||    68
       Unarmed           |    62 |   156 |    53 ||   271
       Punch             |     1 |     4 |     3 ||     8
Throw: Stone             |    12 |     2 |       ||    14
 Cast: Scorch            |       |    11 |     3 ||    14
  Use: Scroll            |       |     4 |       ||     4
       Potion            |       |       |     1 ||     1
Armor: Robe              |    85 |    67 |     8 ||   160
Dodge: Dodged            |    99 |    88 |    14 ||   201

Table legend: (Time is in decaauts)
 A = Elapsed time spent in this place.
 B = Non-inter-level travel time spent in this place.
 C = Inter-level travel time spent in this place.
 D = Time resting spent in this place.
 E = Time spent auto-exploring this place.
 F = Levels seen in this place.
 G = Mean time per level.
                   A        B        C        D        E       F      G
               +--------+--------+--------+--------+--------+-----+--------+
         Total |   4100 |   4022 |     78 |    219 |   2855 |   6 |  683.3 |
       Dungeon |   4100 |   4022 |     78 |    219 |   2855 |   6 |  683.3 |
               +--------+--------+--------+--------+--------+-----+--------+

Top non-repeatable levels by time:
     D:1: 1027 daAuts
     D:3: 813 daAuts
     D:4: 779 daAuts
     D:2: 741 daAuts
     D:5: 437 daAuts
     D:6: 302 daAuts
